 Dungeon Crawl Stone Soup version 0.28.0-45-g0d030f2227 (webtiles) character file.

Game seed: 13944675117973730976

105585 croobank the Severer (level 16, -1/151 HPs)
             Began as a Hill Orc Fighter on Apr 14, 2022.
             Was the Champion of Beogh.
             Killed from afar by a deep elf zephyrmancer (28 damage)
             ... with a bolt of lightning
             ... on level 2 of the Elven Halls on Apr 15, 2022.
             The game lasted 01:58:33 (24193 turns).

croobank the Severer (Hill Orc Fighter)            Turns: 24193, Time: 01:58:34

Health: -1/151     AC: 36    Str: 33    XL:     16   Next: 41%
Magic:  33/33      EV:  8    Int:  8    God:    Beogh [******]
Gold:   1874       SH: 13    Dex: 13    Spells: 15/15 levels left

rFire   + . .      SeeInvis .   a - +4 broad axe
rCold   . . .      Faith    .   c - +0 kite shield
rNeg    . . .      Spirit   .   E - +14 plate armour of Paeqau Mest {MP+9 Dex+3}
rPois   .          Reflect  .   e - +2 helmet
rElec   .          Harm     .   G - scarf {repulsion}
rCorr   .          Rampage  .   v - +0 pair of gloves
Will    +....                   (no boots)
Stlth   ..........              q - amulet of regeneration
HPRegen 1.15/turn               i - +6 ring of strength
MPRegen 0.23/turn               Y - ring of protection from fire

@: about to teleport, hasted, repel missiles, very quick
A: walk on water, low MP 1, screaming 1
a: Renounce Religion, Smiting, Recall Orcish Followers, Give Item to Named
Follower, Resurrection


You were on level 2 of the Elven Halls.
You worshipped Beogh.
Beogh was exalted by your worship.
You visited 4 branches of the dungeon, and saw 24 of its levels.
You visited the Abyss 1 time.

You collected 2364 gold pieces.
You spent 490 gold pieces at shops.

Inventory:

Hand Weapons
 a - a +4 broad axe (weapon)
 s - a +0 great mace of protection
 A - a +2 flail of venom
 B - a +0 hunting sling
 F - a +1 battleaxe of flaming
 H - a +2 morningstar
 L - a +0 broad axe
 U - a +2 trident of holy wrath
Missiles
 t - 230 sling bullets
 x - 5 boomerangs
 z - 6 atropa-tipped darts
 R - a throwing net
Armour
 c - a +0 kite shield (worn)
 e - a +2 helmet (worn)
 r - the +1 ring mail of Ichaw {Fly rN+ Will- Str+2 Stlth+}
   (You found it on level 3 of the Dungeon)

   Str:       It affects your strength (+2).
   rN:        It protects you from negative energy.
   Fly:       It grants you flight.
   Will:      It decreases your willpower.
   Stlth:     It makes you more stealthy.
 v - a +0 pair of gloves (worn)
 E - the +14 plate armour of Paeqau Mest (worn) {MP+9 Dex+3}
   (You found it on level 9 of the Dungeon)

   Dex:       It affects your dexterity (+3).
   MP:        It affects your magic capacity (+9).
 G - a scarf of repulsion (worn)
Jewellery
 d - a +4 ring of slaying
 g - a ring of poison resistance
 i - a +6 ring of strength (left hand)
 l - an amulet of reflection
 q - an amulet of regeneration (around neck)
 u - a +6 ring of dexterity
 I - a ring of ice
 M - an amulet of guardian spirit
 W - a ring of magical power
 X - a ring of wizardry
 Y - a ring of protection from fire (right hand)
Wands
 m - a wand of mindburst (11)
 o - a wand of charming (6) (quivered)
 C - a wand of iceblast (22)
 J - a wand of digging (8)
 S - a wand of polymorph (3)
 T - a wand of paralysis (12)
Scrolls
 b - 3 scrolls of teleportation
 j - 2 scrolls of fog
 n - 2 scrolls of amnesia
 y - 11 scrolls of identify
 O - 2 scrolls of holy word
 P - 2 scrolls of fear
 V - a scroll of immolation
 Z - a scroll of magic mapping
Potions
 f - a potion of flight
 h - a potion of ambrosia
 k - a potion of curing
 w - a potion of haste
 D - 2 potions of cancellation
 K - 2 potions of lignification
 N - a potion of mutation
Miscellaneous
 p - a phantom mirror


   Skills:
 + Level 16.2 Fighting
 + Level 17.5 Axes
 + Level 15.0 Armour
 + Level 15.0 Shields
 + Level 15.2 Invocations


You had 15 spell levels left.
You didn't know any spells.
Your spell library contained the following spells:

 Spells                   Type           Power      Damage    Failure   Level
 Animate Skeleton         Necr           0%         N/A       98%         1
 Magic Dart               Conj           0%         1d3       98%         1
 Pain                     Necr           0%         1d4       98%         1
 Sandblast                Erth           0%         2d4       98%         1
 Shock                    Conj/Air       0%         1d3       98%         1
 Call Imp                 Summ           0%         N/A       99%         2
 Corpse Rot               Necr/Air       0%         N/A       99%         2
 Ensorcelled Hibernation  Hex/Ice        0%         N/A       99%         2
 Passwall                 Tmut/Erth      0%         N/A       99%         2
 Poisonous Vapours        Pois/Air       0%         N/A       99%         2
 Searing Ray              Conj           0%         2d4       99%         2
 Gell's Gravitas          Tloc           0%         N/A       100%        3
 Ignite Poison            Fire/Tmut/Pois 0%         N/A       100%        3
 Lesser Beckoning         Tloc           0%         N/A       100%        3
 Mephitic Cloud           Conj/Pois/Air  0%         N/A       100%        3
 Portal Projectile        Hex/Tloc       0%         N/A       100%        3
 Stone Arrow              Conj/Erth      0%         3d7       100%        3
 Swiftness                Air            0%         N/A       100%        3
 Teleport Other           Tloc           0%         N/A       100%        3
 Vampiric Draining        Necr           0%         2d6       100%        3
 Airstrike                Air            0%         N/A       100%        4
 Fulminant Prism          Conj/Hex       0%         3d6       100%        4
 Leda's Liquefaction      Hex/Erth       0%         N/A       100%        4
 Passage of Golubria      Tloc           0%         N/A       100%        4
 Summon Ice Beast         Ice/Summ       0%         N/A       100%        4
 Alistair's Intoxication  Tmut/Pois      0%         N/A       100%        5
 Blade Hands              Tmut           0%         N/A       100%        5
 Borgnjor's Vile Clutch   Necr/Erth      0%         N/A       100%        5
 Fireball                 Conj/Fire      0%         3d3       100%        5
 Freezing Cloud           Conj/Ice/Air   0%         6-21      100%        5
 Irradiate                Conj/Tmut      0%         3d13      100%        5
 Iskenderun's Battlesphe  Conj           0%         2d6       100%        5
 Silence                  Hex/Air        0%         N/A       100%        5
 Summon Mana Viper        Hex/Summ       0%         N/A       100%        5
 Conjure Ball Lightning   Conj/Air       0%         3x3d6     100%        6
 Eringya's Noxious Bog    Tmut/Pois      0%         N/A       100%        6
 Simulacrum               Ice/Necr       0%         N/A       100%        6
 Dragon Form              Tmut           0%         N/A       100%        7
 Monstrous Menagerie      Summ           0%         N/A       100%        7
 Orb of Destruction       Conj           0%         9d5       100%        7
 Lehudib's Crystal Spear  Conj/Erth      0%         10d2      100%        8
 Polar Vortex             Ice            0%         N/A       100%        9


Dungeon Overview and Level Annotations

Branches:
Dungeon (14/15)            Temple (0/1) D:6            Lair (6/6) D:8
 Shoals (0/4) Lair:2       Spider (0/4) Lair:4        Slime (0/5) Lair:5
    Orc (2/2) D:10            Elf (2/3) Orc:2        Vaults (0/5) D:14

Altars:
Fedhas
Gozag
Hepliaklqana
Kikubaaqudgha
Makhleb
Nemelex Xobeh
Sif Muna
Trog
Xom
Zin
Beogh
Jiyva

Shops:
D:3 (   D:5 (   D:7 =   Orc:2 ([!(

Annotations:
Lair:6 exclusion: oklob plant
Orc:1 1 transporter
Elf:1 exclusion: orange crystal statue


Innate Abilities, Weirdness & Mutations

You can walk on water.
Your magical capacity is low. (-10% MP)
You occasionally shout uncontrollably at your foes.


Message History

Unknown command.
Okay, then.
You swap places.
You feel very sick.
The +0 glaive of venom hits you from afar!
* * * LOW HITPOINT WARNING * * *
Bogbarth hits the +0 glaive of venom with a +0 glaive!
Items here: ( )))) †.
F - a +1 battleaxe of flaming
* * * LOW HITPOINT WARNING * * *
You feel very sick.
The +0 glaive of venom hits you but does no damage.
You are lethally poisoned!
A deep elf knight comes into view. It is wielding a +0 short sword.
Bogbarth hits the +0 glaive of venom but does no damage.
You feel better.
Your surroundings suddenly seem different.
A +3 short sword of draining comes into view.
The deep elf zephyrmancer mumbles some strange words.
The deep elf zephyrmancer blinks!
The deep elf zephyrmancer mumbles some strange words.
The deep elf zephyrmancer blinks!
Okay, then.
As you read the scroll of teleportation, it crumbles to dust.
You feel strangely unstable.
The deep elf zephyrmancer seems to regain its courage.
Aiming: Paralyse
Press: ? - help, Q - select action, (/) - cycle Shift-Dir - straight line, f - deep elf zephyrmancer
Aim: a deep elf zephyrmancer, wielding a +0 short sword (chance to affect: 31%)
Okay, then.
Aiming: Charm
Press: ? - help, Q - select action, (/) - cycle Shift-Dir - straight line, f - deep elf zephyrmancer
Aim: a deep elf zephyrmancer, wielding a +0 short sword (chance to affect: 31%)
Okay, then.
You feel better.
The deep elf zephyrmancer gestures wildly while chanting.
The deep elf zephyrmancer blinks!
The deep elf zephyrmancer gestures at you while chanting.
The bolt of lightning hits you!!
You die...

......##.....⌠. ##
#......(o)......
.###.###........')######
..................#
...................
...................{
.....................
......................
..§...e@...........e...
.....§.........
......e(.......
#..............
#..............
##.............
###.......§...
##..........


You could see 2 deep elf zephyrmancers and a +3 short sword of draining.

Vanquished Creatures
  Rupert (D:13)
  Donald (Orc:2)
  A deep elf annihilator (Elf:1)
  A white draconian (Abyss:2)
  10 hydras
  Fannar (Lair:1)
  Harold (D:7)
  3 catoblepae (Lair:6)
  2 boulder beetles
  An ogre mage (D:11)
  A centaur warrior (D:11)
  4 two-headed ogres
  13 death yaks
  8 dancing weapons
  A deep elf knight (Elf:1)
  A wretched star (Abyss:2)
  A fire crab (Lair:5)
  4 lindwurms (Lair:4)
  2 deep elf archers
  A wizard (D:13)
  2 large abominations
  2 orc sorcerers
  12 deep elf zephyrmancers
  13 deep elf pyromancers
  2 ugly things (D:13)
  3 manticores
  7 elephants
  2 cyclopes (D:13)
  A worldbinder (Abyss:3)
  5 black mambas
  A torpor snail (Lair:4)
  2 gargoyles
  16 cane toads
  Psyche (D:11)
  3 rime drakes
  2 kobold demonologists (D:11)
  11 komodo dragons
  A harpy zombie (Abyss:3)
  3 slime creatures (D:12)
  2 trolls
  A polar bear (Lair:3)
  A wind drake (Lair:2)
  23 blink frogs
  3 hornets
  A dream sheep (Lair:4)
  A flying skull (Abyss:2)
  A culicivora (Lair:4)
  A jumping spider (Lair:4)
  A vampire (D:13)
  3 shadows
  2 wyverns
  A water elemental (Elf:2)
  2 wraiths
  An air elemental (Elf:1)
  48 yaks
  A fire elemental (Elf:1)
  A steam dragon (D:9)
  Eustachio (D:6)
  A small abomination (Abyss:2)
  2 redbacks (Lair:4)
  4 vampire mosquitoes (D:12)
  5 wargs
  2 acid dragons
  20 water moccasins
  10 orc warriors
  2 ice beasts (D:6)
  6 black bears
  3 necrophages
  6 ogres
  17 wolves
  7 centaurs
  2 kobold brigands (D:6)
  Blork the orc (D:4)
  11 bullfrogs
  A gnoll sergeant (D:7)
  An earth elemental (Elf:1)
  3 wyvern zombies
  2 scorpions
  A water moccasin skeleton (D:5)
  11 killer bees
  4 wights (D:7)
  A bullfrog zombie (D:6)
  2 centaur zombies
  A jelly (D:7)
  A bullfrog skeleton (D:4)
  A gnoll shaman (D:9)
  5 orc priests
  4 hounds
  Terence (D:2)
  4 iguanas
  15 orc wizards
  2 killer bee zombies (D:8)
  A hound skeleton (D:4)
  Robin (D:2)
  8 gnolls
  4 adders
  2 white imps (D:7)
  An ufetubus (D:5)
  An adder skeleton (D:4)
  3 worms (D:2)
  2 dart slugs
  38 orcs
  7 endoplasms
  6 giant cockroaches
  12 goblins
  14 hobgoblins
  3 jackals (D:2)
  3 quokkas
  7 ball pythons
  6 bats
  5 frilled lizards
  21 kobolds
  3 rats
  A bush (D:1)
  A starspawn tentacle (Abyss:3)
551 creatures vanquished.

Vanquished Creatures (collateral kills)
  Nikola (Elf:2)
  A tentacled starspawn (Elf:1)
  A deep elf sorcerer (Elf:1)
  2 deep elf annihilators (Elf:1)
  The ghost of zeratav the Black Sun, a journeyman TeSu of Kikubaaqudgha (Orc:2)
  A deep elf death mage (Elf:2)
  A centaur warrior (Orc:2)
  7 dancing weapons
  6 deep elf knights
  A deep troll (shapeshifter) (Elf:2)
  7 deep elf archers
  11 deep elf zephyrmancers
  9 deep elf pyromancers
  An ugly thing (D:14)
  A worldbinder (Abyss:2)
  A cyclops (D:13)
  5 molten gargoyles (Elf:2)
  An ancient zyme (Abyss:2)
  An air elemental (Elf:2)
  A yak (D:9)
  A water elemental (Elf:1)
  A steam dragon (D:5)
  A neqoxec (Abyss:2)
  A warg (Orc:2)
  5 orc warriors (Orc:2)
  7 centaurs
  An earth elemental (Elf:1)
  A quasit (Abyss:2)
  A cyclops simulacrum (Orc:2)
  A jelly (D:5)
  5 orc wizards
  3 spectral orcs (Orc:2)
  An ogre simulacrum (Orc:2)
  A shadow imp (Abyss:2)
  An orc simulacrum (Orc:2)
  7 orcs (Orc:2)
98 creatures vanquished.

Vanquished Creatures (others)
  2 dancing weapons (Elf:1)
  An orc high priest (D:14)
  A deep elf knight (Elf:2)
  6 orc knights
  A deep elf archer (Elf:2)
  2 deep elf zephyrmancers (Elf:2)
  A yak (D:8)
  13 orc warriors
  2 bullfrogs (D:8)
  3 orc priests
  7 orc wizards
  A spectral orc (Orc:2)
  17 orcs
  22 fungi
  39 plants
  9 starspawn tentacles
127 creatures vanquished.

Grand Total: 776 creatures vanquished

Notes
Turn   | Place    | Note
-------+----------+-------------------------------------------
     0 | D:1      | croobank the Hill Orc Fighter began the quest for the Orb.
     0 | D:1      | Reached XP level 1. HP: 19/19 MP: 1/1
   244 | D:1      | Reached skill level 3 in Axes
   244 | D:1      | Reached XP level 2. HP: 27/27 MP: 2/2
   735 | D:1      | Reached XP level 3. HP: 33/33 MP: 3/3
  1205 | D:2      | Noticed Robin
  1241 | D:2      | Killed Robin
  1247 | D:2      | Reached XP level 4. HP: 17/40 MP: 4/4
  1643 | D:2      | Found a faded altar of an unknown god.
  1728 | D:2      | Noticed Terence
  1753 | D:2      | Killed Terence
  1754 | D:2      | Reached skill level 4 in Axes
  1754 | D:2      | Reached XP level 5. HP: 24/47 MP: 5/5
  2053 | D:3      | Found Gooniw's Weapon Emporium.
  2563 | D:3      | Identified the +1 ring mail of Ichaw {Fly rN+ Will- Str+2
                  | Stlth+}
  2988 | D:4      | Reached skill level 5 in Fighting
  3109 | D:4      | Reached XP level 6. HP: 46/56 MP: 6/6
  3576 | D:4      | Noticed Blork the orc
  3586 | D:4      | Reached skill level 5 in Axes
  3586 | D:4      | Reached skill level 5 in Armour
  3586 | D:4      | Reached skill level 5 in Shields
  3589 | D:4      | Killed Blork the orc
  3590 | D:4      | Reached XP level 7. HP: 50/62 MP: 7/7
  3684 | D:5      | Entered Level 5 of the Dungeon
  3875 | D:5      | Reached skill level 6 in Axes
  3938 | D:5      | Reached XP level 8. HP: 70/71 MP: 8/8
  4521 | D:5      | Found Juicah's Weapon Emporium.
  4770 | D:6      | Found a bloodstained altar of Trog.
  4843 | D:6      | Reached skill level 7 in Axes
  5227 | D:6      | Found a staircase to the Ecumenical Temple.
  5269 | D:6      | Noticed Eustachio
  5281 | D:6      | Killed Eustachio
  5282 | D:6      | Reached XP level 9. HP: 74/80 MP: 9/9
  5651 | D:6      | Reached skill level 8 in Axes
  5789 | D:6      | Found a glowing silver altar of Zin.
  6603 | D:7      | Noticed Harold
  6604 | D:7      | Reached skill level 9 in Axes
  6627 | D:7      | Killed Harold
  6628 | D:7      | Reached XP level 10. HP: 26/91 MP: 9/12
  6900 | D:7      | Found an ancient bone altar of Kikubaaqudgha.
  6927 | D:7      | Found Aziceups's Jewellery Emporium.
  7404 | D:8      | Found a shimmering altar of Xom.
  7592 | D:8      | Reached skill level 10 in Axes
  7618 | D:8      | Paralysed by a hornet for 1 turns
  7697 | D:8      | Found a staircase to the Lair.
  8122 | D:9      | Found a blossoming altar of Fedhas.
  8458 | D:9      | Found a shimmering blue altar of Sif Muna.
  8458 | D:9      | Found a hazy altar of Hepliaklqana.
  8589 | D:8      | Reached skill level 10 in Fighting
  8641 | D:8      | Reached skill level 5 in Invocations
  8714 | D:9      | Found a sparkling altar of Nemelex Xobeh.
  8760 | D:9      | Found a burning altar of Makhleb.
  8795 | D:9      | Identified the +14 plate armour of Paeqau Mest {MP+9 Dex+3}
  9008 | D:9      | Reached XP level 11. HP: 100/100 MP: 15/15
  9254 | D:10     | Entered Level 10 of the Dungeon
  9531 | D:10     | Reached skill level 11 in Axes
  9752 | D:10     | Found a staircase to the Orcish Mines.
 10235 | D:10     | Found an opulent altar of Gozag.
 10235 | D:10     | Noticed a two-headed ogre
 10253 | D:10     | Killed a two-headed ogre
 10455 | Orc:1    | Entered Level 1 of the Orcish Mines
 10480 | Orc:2    | Entered Level 2 of the Orcish Mines
 10489 | Orc:2    | Became a worshipper of Beogh the Brigand
 10497 | Orc:2    | Found a staircase to the Elven Halls.
 10499 | Orc:2    | Found Ratecauh's Armour Boutique.
 10700 | Orc:1    | Noticed an orc sorcerer
 10723 | Orc:1    | Killed an orc sorcerer
 10724 | Orc:1    | Reached skill level 10 in Armour
 10724 | Orc:1    | Reached skill level 10 in Shields
 10753 | Orc:1    | Noticed an orc knight
 10759 | Orc:1    | Found a roughly hewn altar of Beogh.
 10759 | Orc:1    | Found a transporter.
 10759 | Orc:1    | Noticed an orc sorcerer
 10759 | Orc:1    | Noticed an orc knight
 10952 | Orc:2    | Noticed Donald
 11116 | Lair:1   | Entered Level 1 of the Lair of Beasts
 11380 | Lair:1   | Reached * piety under Beogh
 11409 | Lair:1   | Reached skill level 12 in Axes
 11409 | Lair:1   | Reached XP level 12. HP: 78/110 MP: 17/17
 11753 | Lair:1   | Noticed Fannar
 11784 | Lair:1   | Killed Fannar
 12074 | Lair:2   | Noticed a six-headed hydra
 12092 | Lair:2   | Noticed a four-headed hydra
 12094 | Lair:2   | Killed a six-headed hydra
 12114 | Lair:2   | Killed a four-headed hydra
 12564 | Lair:2   | Found a staircase to the Shoals.
 12769 | Lair:3   | Reached ** piety under Beogh
 13391 | Lair:3   | Reached skill level 13 in Axes
 13922 | Lair:4   | Noticed a six-headed hydra
 13927 | Lair:4   | Noticed a four-headed hydra
 13945 | Lair:3   | Killed a six-headed hydra
 13987 | Lair:3   | Killed a four-headed hydra
 13988 | Lair:3   | Reached skill level 10 in Invocations
 13992 | Lair:3   | Reached XP level 13. HP: 40/119 MP: 20/20
 14165 | Lair:4   | Identified the +4 longbow "Vyamelea" {vorpal, Fragile
                  | Dex+8}
 14475 | Lair:4   | Found a hole to the Spider Nest.
 15125 | Lair:4   | Got the Handbook of Bewitchment
 15188 | Lair:4   | Reached *** piety under Beogh
 15189 | Lair:4   | Reached skill level 14 in Axes
 15470 | Lair:5   | Found a viscous altar of Jiyva.
 15471 | Lair:5   | Found a staircase to the Slime Pits.
 16354 | Lair:6   | Entered Level 6 of the Lair of Beasts
 16426 | Lair:6   | Reached XP level 14. HP: 99/130 MP: 22/22
 16441 | Lair:6   | Reached **** piety under Beogh
 16570 | Lair:6   | Found a glowing silver altar of Zin.
 16914 | Lair:6   | Reached skill level 15 in Axes
 17242 | Lair:6   | Reached ***** piety under Beogh
 18327 | D:11     | Noticed Psyche
 18344 | D:11     | Killed Psyche
 19107 | D:12     | Identified the +1 halberd "Zefeigin" {vamp, Drain Dex+4}
 19236 | D:12     | Reached XP level 15. HP: 122/139 MP: 24/24
 19819 | D:13     | Reached skill level 16 in Axes
 19914 | D:13     | Noticed Rupert
 19935 | D:13     | Killed Rupert
 19936 | D:13     | Reached skill level 15 in Fighting
 20539 | D:14     | Found a gate to the Vaults.
 20670 | Orc:1    | Identified the +7 spear of Wyrd {holy, +Blink rC+ Str+4}
 20745 | Orc:2    | Killed Donald
 20989 | Orc:2    | Found a shimmering blue altar of Sif Muna.
 21060 | Orc:2    | Found Pareziq's Distillery.
 21060 | Orc:2    | Found Afocelec's Armour Shop.
 21062 | Orc:2    | Found Jisait's Antique Weapon Boutique.
 21063 | Orc:2    | Found Juytit's Weapon Emporium.
 21193 | Orc:2    | Bought a potion of berserk rage for 70 gold pieces
 21193 | Orc:2    | Bought 2 potions of haste for 280 gold pieces
 21193 | Orc:2    | Bought 2 potions of heal wounds for 140 gold pieces
 21243 | Orc:2    | Found a runed translucent gate.
 21244 | Orc:2    | Found a runed translucent gate.
 21245 | Orc:2    | Found a runed translucent gate.
 21247 | Orc:2    | Noticed zeratav's ghost (journeyman TeSu)
 21326 | Orc:2    | Killed zeratav's ghost
 21327 | Orc:2    | Gained Orik as an ally
 21471 | Elf:1    | Entered Level 1 of the Elven Halls
 21786 | Elf:1    | Noticed a deep elf sorcerer
 21786 | Elf:1    | Paralysed by an air elemental for 1 turns
 21793 | Elf:1    | Cast into level 2 of the Abyss (a deep elf sorcerer)
 21877 | Abyss:2  | Gained mutation: Your magical capacity is low. (-10% MP) [a
                  | neqoxec]
 21878 | Abyss:2  | Gained mutation: You occasionally shout uncontrollably at
                  | your foes. [a neqoxec]
 21881 | Abyss:2  | Noticed a tentacled starspawn
 22036 | Abyss:3  | Identified the +4 hand axe "Gaddo Ceo" {elec, rF+}
 22090 | Abyss:3  | Noticed a tentacled starspawn
 22100 | Elf:1    | Escaped the Abyss
 22103 | Elf:1    | Killed a tentacled starspawn
 22104 | Elf:1    | Killed a deep elf sorcerer
 22303 | Elf:1    | Gained Bogmar as an ally
 22562 | Elf:1    | Your ally Bogmar died
 23050 | Elf:1    | Reached skill level 17 in Axes
 23230 | Elf:1    | Gained Borgk as an ally
 23231 | Elf:1    | Reached XP level 16. HP: 151/151 MP: 24/24
 23264 | Elf:1    | Your ally Orik died
 23311 | Elf:2    | Paralysed by an air elemental for 1 turns
 23316 | Elf:2    | Paralysed by an air elemental for 1 turns
 23321 | Elf:2    | Gained Bogbarth as an ally
 23819 | Elf:2    | Noticed Nikola
 23827 | Elf:2    | Reached skill level 15 in Invocations
 23828 | Elf:2    | Your ally Borgk died
 23832 | Elf:2    | Killed Nikola
 24042 | Elf:2    | Found a runed translucent gate.
 24043 | Elf:2    | Found a runed translucent gate.
 24043 | Elf:2    | Found a runed translucent gate.
 24068 | Elf:2    | Reached skill level 15 in Shields
 24076 | Elf:2    | Reached skill level 15 in Armour
 24186 | Elf:2    | Reached ****** piety under Beogh
 24193 | Elf:2    | Killed from afar by a deep elf zephyrmancer

Illustrated notes

Levels and vault maps discovered:
D:1:      scummos_arrival_hexagon, layout_basic, serial_forest,
          infiniplex_forest_fountain, infiniplex_forest_pool,
          infiniplex_forest_lined_2, infiniplex_forest_lined_3,
          infiniplex_forest_3_way, infiniplex_forest_straight_5,
          infiniplex_forest_diagonal, infiniplex_forest_diagonal,
          infiniplex_forest_lined_room_3
D:2:      layout_loops_cross, shapermc_ecumenical_altar_totnotflames,
          minmay_heptomino_w4, uniq_terence, uniq_robin
D:3:      layout_basic, serial_shops, nicolae_shop_bloodbath_and_beyond
D:4:      layout_basic, hangedman_decor_riveting, uniq_blork_the_orc
D:5:      layout_loops_cross, serial_shops, shop
D:6:      layout_loops_corners, mainiacjoe_overflow_boulevard,
          mainiacjoe_overflow_cross_hatched, temple_doors_e,
          minmay_joined_circles, uniq_eustachio
D:7:      layout_rooms, mainiacjoe_overflow_alcove_4, serial_shops,
          shop_fountains, uniq_harold
D:8:      layout_loops_ring, xom_confusion_cloud, lair_entry_dummy,
          chequers_serial_rivers_room_a
D:9:      layout_basic, overflow_temple_1_default, lemuel_round_altar,
          mainiacjoe_overflow_paths, grunt_temple_overflow_open
D:10:     layout_gridville, nicolae_gozag_seed_capital, david_orc_2,
          nooodl_orcs_dogs
D:11:     kennysheep_big_flooded_room, layout_loops_ring, uniq_psyche
D:12:     layout_irregular_city, st_stairs_3
D:13:     layout_rooms, bh_walls_and_bars, uniq_rupert
D:14:     layout_roguey, skrybe_vaults_entry_preservation, uniq_nessos
Lair:1:   layout_chaotic_city, minmay_stone_trees_small, uniq_fannar
Lair:2:   layout_roguey, minmay_shoals_entry_beasts
Lair:3:   layout_layer_cave
Lair:4:   nzn_winding_woodlands_stair_cross [nzn_winding_woodlands_5x15_twine,
          nzn_winding_woodlands_center_triple_pond,
          nzn_winding_woodlands_5x15_zeroes, nzn_winding_woodlands_5x5_default,
          nzn_winding_woodlands_5x5_three,
          nzn_winding_woodlands_5x15_river_crossing,
          nzn_winding_woodlands_center_garden,
          nzn_winding_woodlands_5x15_parted], layout_loops_ring,
          spider_nest_entry_funnel_web, minmay_lindwurm_lava
Lair:5:   layout_long_grid, slime_altar_1, serial_bayou_shore_a,
          grunt_megastairs_2
Lair:6:   evilmike_catoblepas_cave, layout_regular_city, lemuel_oklob_altar
Orc:1:    gammafunk_beogh_shrine, layout_diamond_mine, enter_volcano_1
Orc:2:    st_orc_rangers, layout_caves, gammafunk_ghost_necromancy,
          serial_shops, shop, kennysheep_orc_sif_temple, uniq_donald
Elf:1:    eino_elf_arrival_sip, layout_gridlike,
          hangedman_elven_crosses_minicolossus, minivault_16
Elf:2:    nicolae_elf_blades_crystal_corner, layout_gridlike, minivault_8,
          uniq_jorgrun, uniq_nikola

Skill      XL: |  1  2  3  4  5  6  7  8  9 10 11 12 13 14 15 16 |
---------------+-------------------------------------------------+-----
Axes           | 3 4 5 6 7 9 10 12 13 14 15 17 | 17.5
Fighting       | 4 5 6 7 9 10 11 12 13 14 15 16 | 16.2
Shields        | 4 5 7 8 9 10 11 12 13 14 15 | 15.0
Armour         | 4 5 7 8 9 10 11 12 13 14 15 | 15.0
Invocations    | 2 5 7 10 11 13 14 15 | 15.2

Action                   |  1- 3 |  4- 6 |  7- 9 | 10-12 | 13-15 | 16-18 || total
-------------------------+-------+-------+-------+-------+-------+-------++-------
Melee: War axe           |   159 |   160 |   211 |   530 |       |       ||  1060
       Dagger            |       |       |       |    44 |       |       ||    44
       Broad axe         |       |       |       |   103 |   820 |    84 ||  1007
       Short sword       |       |       |       |    78 |       |       ||    78
       Morningstar       |       |       |       |    29 |    60 |       ||    89
       Punch             |       |       |       |       |     4 |       ||     4
 Fire: Longbow           |       |       |       |       |    69 |       ||    69
Throw: Dart              |       |       |    10 |    12 |     1 |       ||    23
       Throwing net      |       |       |       |     3 |       |       ||     3
Invok: Convert to Beogh  |       |       |       |     1 |       |       ||     1
       Smiting           |       |       |       |       |    11 |     2 ||    13
       Recall Orcish Fol |       |       |       |       |     2 |       ||     2
       Give Item to Name |       |       |       |       |     2 |       ||     2
Evoke: Phantom mirror    |       |       |       |     1 |     2 |       ||     3
       Wand              |       |       |       |       |     1 |       ||     1
  Use: Potion            |     1 |     4 |     6 |     8 |     9 |    11 ||    39
       Scroll            |       |     7 |     8 |    12 |    16 |     3 ||    46
 Stab: Sleeping          |       |     2 |     2 |       |       |       ||     4
       Held in net/web   |       |       |       |     1 |       |       ||     1
       Petrified         |       |       |       |       |     5 |       ||     5
       Distracted        |       |       |       |       |     3 |     1 ||     4
Armor: Scale mail        |    44 |    24 |       |       |       |       ||    68
       Ring mail         |       |    26 |    69 |    78 |    24 |       ||   197
       Plate armour      |       |       |       |   544 |   774 |    44 ||  1362
Dodge: Dodged            |    49 |    63 |    81 |   325 |   344 |    15 ||   877
       Repelled          |       |       |       |       |    11 |     2 ||    13
Block: Buckler           |    24 |    77 |   113 |   363 |   222 |       ||   799
       Reflection        |       |     2 |     1 |       |       |       ||     3
       Kite shield       |       |       |       |       |   147 |    49 ||   196
